 Dungeon Crawl Stone Soup version 0.19-a0-465-g1d1674b (webtiles) character file.

560 Kilingo the Acolyte (level 7, -2/41 HPs)
             Began as a Gargoyle Fighter on June 3, 2016.
             Was an Initiate of the Shining One.
             Slain by an ogre
             ... wielding a +0 giant club
              (21 damage)
             ... on level 5 of the Dungeon.
             The game lasted 00:39:40 (4663 turns).

Kilingo the Acolyte (Gargoyle Fighter)              Turns: 4663, Time: 00:39:41

Health: -2/41      AC: 13    Str: 20    XL:     7   Next: 31%
Magic:  9/9        EV:  8    Int: 10    God:    the Shining One [......]
Gold:   224        SH:  9    Dex:  9    Spells: 0 memorised, 6 levels left

rFire  . . .     SeeInvis .     a - +0 flail
rCold  . . .     Gourm    .     n - +0 scale mail
rNeg   + . .     Faith    .     c - +0 shield
rPois  ∞         Spirit   .     w - +0 helmet
rElec  +         Dismiss  .     (no cloak)
rCorr  .         Reflect  .     h - +0 pair of gloves
SustAt .         Harm     .     (no boots)
MR     +....                    (no amulet)
Stlth  ..........               (no ring)
                                G - ring of protection from magic

@: glowing, somewhat resistant to hostile enchantments, extremely unstealthy
A: negative energy resistance 1, electricity resistance, unbreathing,
petrification resistance, rot immunity, AC +4
a: Renounce Religion


You were on level 5 of the Dungeon.
You worshipped the Shining One.
The Shining One was noncommittal.
You were not hungry.

You visited 2 branches of the dungeon, and saw 6 of its levels.

You collected 224 gold pieces.

Inventory:

Hand Weapons
 a - a +0 flail (weapon)
 b - a +0 hunting sling
Missiles
 s - 104 stones (quivered)
Armour
 c - a +0 shield (worn)
 h - a +0 pair of gloves (worn)
 n - a +0 scale mail (worn)
 w - a +0 helmet (worn)
Jewellery
 G - a ring of protection from magic (left hand)
Wands
 y - a wand of iceblast (6/15)
Scrolls
 e - a scroll of blinking {unknown}
 m - a scroll of fog {unknown}
 r - a scroll of teleportation {unknown}
 t - a scroll of remove curse {unknown}
 v - 2 scrolls of identify
 x - 2 scrolls of noise {unknown}
 H - a scroll of amnesia
 I - a scroll of random uselessness {unknown}
Potions
 d - a potion of might
 g - a potion of magic {unknown}
 i - 2 potions of invisibility
 k - a potion of curing {unknown}
 o - a potion of heal wounds {unknown}
 p - a potion of brilliance {unknown}
 q - a potion of flight {unknown}
 z - 3 potions of degeneration {unknown}
 A - a potion of cure mutation {unknown}
 B - a potion of berserk rage
 E - a potion of agility {unknown}
 F - a potion of mutation {unknown}
Comestibles
 f - 3 bread rations
 j - a meat ration
 u - a slice of pizza
 C - a beef jerky
 D - a royal jelly


   Skills:
 - Level 3.2 Fighting
 - Level 3.0 Maces & Flails
 - Level 3.3 Slings
 - Level 3.2 Armour
 - Level 3.0 Dodging
 - Level 3.2 Shields
 - Level 3.5 Invocations
 + Level 2.2 Evocations


You had 6 spell levels left.
You didn't know any spells.

Dungeon Overview and Level Annotations

Branches:
Dungeon (5/15)             Temple (1/1) D:4

Altars:
Cheibriados
Dithmenos
Elyvilon
Gozag
Hepliaklqana
Kikubaaqudgha
Makhleb
Nemelex Xobeh
Pakellas
Qazlal
Ru
Sif Muna
Trog
Uskayaw
Vehumet
Xom
Yredelemnul
Zin
The Shining One


Innate Abilities, Weirdness & Mutations

You are resistant to torment.
Your stone body is resilient. (AC +4)
You are immune to poison.
You resist negative energy. (rN+)
You are resistant to electric shocks. (rElec)
You can survive without breathing.
You are immune to petrification.
You are immune to rotting.


Message History

Press: ? - help, Shift-Dir - straight line, f/p - ogre
Aim: an ogre, wielding a giant club (moderately wounded)
You shoot a stone. The stone hits the ogre.
The ogre is moderately wounded.
Firing (i - inventory):
s - 105 stones (quivered)
Press: ? - help, Shift-Dir - straight line, f/p - ogre
Aim: an ogre, wielding a giant club (moderately wounded)
You shoot a stone. The stone hits the ogre.
The ogre is heavily wounded.
a - a +0 flail (weapon)
The ogre barely misses you.
You sock the ogre!
The ogre is severely wounded.
The ogre hits you with a giant club!!
Ouch! That really hurt!
You hit the ogre.
The ogre is almost dead.
The ogre hits you with a giant club!!
Ouch! That really hurt!
You die...

..# ..... ....# ....#
#####+############(...#
.................(....#
................(.....#
................O..$..#
................@.....#
...####################
...# #............#####
...###................#
#.....................#
......................#
.......)..............#
............######....#
######......# #....#


You could see an ogre.

Vanquished Creatures
  An ogre (D:4)
  Blork the orc (D:4)
  A howler monkey (D:4)
  A crimson imp (D:4)
  An orc priest (D:4)
  Ijyb (D:3)
  2 worker ants (D:4)
  An orc wizard (D:3)
  2 hound skeletons
  A howler monkey zombie (D:5)
  6 adders
  A worm (D:2)
  4 dart slugs
  3 giant geckos
  10 orcs
  4 giant cockroaches
  14 goblins
  9 hobgoblins
  3 jackals (D:3)
  4 quokkas
  3 ball pythons
  7 bats
  4 giant newts
  10 kobolds
  7 rats
101 creatures vanquished.

Vanquished Creatures (others)
  A bat (D:2)
1 creature vanquished.

Grand Total: 102 creatures vanquished

Notes
Turn   | Place    | Note
--------------------------------------------------------------
     0 | D:1      | Kilingo the Gargoyle Fighter began the quest for the Orb.
     0 | D:1      | Reached XP level 1. HP: 14/14 MP: 1/1
    91 | D:1      | Reached skill level 1 in Dodging
   177 | D:1      | Reached XP level 2. HP: 19/19 MP: 2/2
   899 | D:2      | Reached XP level 3. HP: 22/23 MP: 3/3
   915 | D:2      | Reached skill level 1 in Slings
  1419 | D:2      | Reached XP level 4. HP: 25/28 MP: 4/4
  1537 | D:2      | Found a deep blue altar of Sif Muna.
  2529 | D:3      | Reached XP level 5. HP: 20/32 MP: 5/5
  3098 | D:3      | Noticed Ijyb
  3142 | D:3      | Killed Ijyb
  3396 | D:4      | Reached XP level 6. HP: 35/37 MP: 6/6
  3530 | D:4      | Reached skill level 1 in Evocations
  3555 | D:4      | Found a staircase to the Ecumenical Temple.
  3572 | Temple   | Entered the Ecumenical Temple
  3638 | Temple   | Became a worshipper of the Shining One
  3755 | D:4      | Reached skill level 1 in Invocations
  3837 | D:4      | Reached XP level 7. HP: 26/41 MP: 8/8
  4081 | D:4      | Noticed a rust devil
  4147 | D:4      | Noticed an angel
  4152 | D:4      | Noticed Blork the orc
  4169 | D:4      | Killed Blork the orc
  4456 | D:5      | Entered Level 5 of the Dungeon
  4663 | D:5      | Slain by an ogre

Vault maps used:
D:1:      scummos_arrival_checkerplants
D:2:      led_sif_pool, minivault_5, lemuel_old_faithful
D:3:      kennysheep_goblin_castle, corexii_corridor_pit, grunt_decor_arrowhead,
          uniq_iyjb
D:4:      temple_garden, first_bread, uniq_blork_the_orc
D:5:      hangedman_abyss_or_decor_passed
Temple:   kilobyte_greek_temple_18

Skill      XL: |  1  2  3  4  5  6  7 |
---------------+----------------------+-----
Dodging        | 1 2 3 |  3.0
Slings         | 2 3 |  3.3
Maces & Flails | 3 |  3.0
Evocations     | 2 |  2.2
Invocations    | 2 3 |  3.5
Fighting       | |  3.2
Armour         | |  3.2
Shields        | |  3.2

Action                   |  1- 3 |  4- 6 |  7- 9 || total
-------------------------+-------+-------+-------++-------
Melee: Flail             |   150 |   248 |    36 ||   434
 Fire: Hunting sling     |    24 |    92 |    31 ||   147
Throw: Stone             |     3 |       |       ||     3
  Use: Potion            |     1 |       |       ||     1
       Scroll            |       |     3 |     2 ||     5
 Stab: Invisible         |     2 |       |       ||     2
  Eat: Chunk             |     2 |     2 |       ||     4
       Bread ration      |       |     2 |       ||     2
Armor: Scale mail        |    81 |   152 |    20 ||   253
Dodge: Dodged            |    52 |    95 |     9 ||   156
Block: Shield            |    84 |   130 |    16 ||   230
